 Dungeon Crawl Stone Soup version 0.29-a0-322-g68df515428 (webtiles) character file.

Game seed: 16826996527232767030

2646 Essalna the Thaumaturge (level 9, -11/68 HPs)
             Began as a Djinni Conjurer on Apr 9, 2022.
             Shot with a bolt by an orc warlord (38 damage)
             ... in a bailey.
             The game lasted 00:13:40 (8678 turns).

Essalna the Thaumaturge (Djinni Conjurer)           Turns: 8678, Time: 00:13:40

Health: -11/68     AC:  6    Str:  6    XL:     9   Next: 93%
Gold:   335        EV: 11    Int: 24    God:
                   SH:  4    Dex: 12

rFire   + + +      SeeInvis +   (no weapon)
rCold   . . .      Faith    .   w - +0 buckler
rNeg    . . .      Spirit   .   x - +0 steam dragon scales
rPois   ∞          Reflect  .   g - +0 helmet
rElec   .          Harm     .   s - scarf {rC+ rF+}
rCorr   .          Rampage  .   (no gloves)
Will    .....                   (boots unavailable)
Stlth   ++........              (no amulet)
HPRegen 0.21/turn               n - ring of see invisible
MPRegen 0.00/turn               (no ring)

@: flying
A: sickness immunity, fire resistance 2, cold vulnerability 1, float, innate
caster, HP casting, extra vitality 1
a: no special abilities


You were in a bailey.
You visited 1 branch of the dungeon, and saw 8 of its levels.
You also visited: Bailey.

You collected 335 gold pieces.

Inventory:

Armour
 a - a +0 robe
 f - a +0 cloak
 g - a +0 helmet (worn)
 s - a scarf of resistance (worn)
 w - a +0 buckler (worn)
 x - +0 steam dragon scales (worn)
Jewellery
 n - a ring of see invisible (left hand)
Scrolls
 b - 7 scrolls of identify {unknown}
 c - a scroll of brand weapon {unknown}
 h - a scroll of fog {unknown}
 i - 2 scrolls of amnesia {unknown}
 k - a scroll of blinking {unknown}
 l - 2 scrolls of magic mapping {unknown}
 m - 2 scrolls of teleportation {unknown}
 o - a scroll of acquirement {unknown}
 u - a scroll of fear {unknown}
 v - a scroll of summoning {unknown}
 y - a scroll of enchant weapon {unknown}
Potions
 d - 4 potions of flight {unknown}
 e - a potion of lignification {unknown}
 j - a potion of might {unknown}
 p - a potion of ambrosia {unknown}
 q - a potion of brilliance {unknown}
 r - 2 potions of heal wounds
 t - 2 potions of mutation {unknown}


   Skills:
 + Level 7.2 Fighting
 - Level 2.1 Dodging
 - Level 1.5 Stealth
 + Level 3.4 Shields
 + Level 8.3 Spellcasting


You had one spell level left.
You knew the following spells:

 Your Spells              Type           Power      Damage    Failure   Level
a - Magic Dart            Conj           100%       1d8       1%          1
b - Searing Ray           Conj           100%       2d8       1%          2
c - Dazzling Flash        Conj/Hex       100%       N/A       1%          3
d - Fulminant Prism       Conj/Hex       25%        3d14      2%          4
e - Iskenderun's Mystic   Conj/Tloc      50%        2d11      2%          4
f - Pain                  Necr           100%       1d9       1%          1
g - Static Discharge      Conj/Air       50%        N/A       1%          2
h - Mephitic Cloud        Conj/Pois/Air  50%        N/A       1%          3
i - Summon Guardian Gole  Hex/Summ       50%        N/A       1%          3
Your spell library was empty.

Dungeon Overview and Level Annotations

Branches:
Dungeon (9/15)             Bailey (1/1)
 Temple: D:4-7         Lair: D:8-11         Orc: D:9-12

Altars:
Qazlal
Uskayaw
Wu Jian
Yredelemnul
The Shining One

Shops:
D:1 (*

Annotations:
D:9 Gastronok


Innate Abilities, Weirdness & Mutations

You are immune to sickness and miasma.
You are immune to poison.
Your flesh is very heat resistant. (rF++)
You are vulnerable to cold. (rC-)
You float through the air rather than walking.
You learn spells naturally, not from books.
Your magical power is your life essence.
You have superior vitality. (+4 MHP)


Message History

Your line of fire to the goblin is blocked by a granite statue.
Continue anyway? [Y]es or [N]o only, please.
Your line of fire to the goblin is blocked by a granite statue.
Continue anyway?
Okay, then.
Unknown command.
Things that are here:
a +0 hand axe; a +0 leather armour; an orc corpse The magic dart hits the orc.
The orc is almost dead.
A goblin comes into view. It is wielding a +0 hand axe.
The magic dart hits the orc but does no damage.
The orc is almost dead.
The goblin shouts!
You hear a shout! x3
The magic dart hits the orc but does no damage.
The orc is almost dead.
The magic dart hits the orc.
You kill the orc!
The magic dart hits the goblin.
You kill the goblin!
You can't see any susceptible monsters within range! (Use Z to cast anyway.)
You can't see any susceptible monsters within range! (Use Z to cast anyway.)
An orc warlord comes into view. It is wielding a +0 battleaxe.
The magic dart hits the orc warlord but does no damage.
The orc warlord unwields a +0 battleaxe.
The orc warlord wields a +0 arbalest.
The orc warlord shoots a bolt.
The bolt hits you!
Things that are here:
a +4 hand axe; a +0 leather armour; a hobgoblin corpse
r - 2 potions of heal wounds (gained 1)
An orc warlord is nearby!
You see here a fuming blue potion.
You see here a scroll labelled RIOLYS YNUCVIM.
y - a scroll labelled RIOLYS YNUCVIM The orc warlord shoots a bolt.
The bolt hits you!!
The orc warlord suddenly complains.
The orc warlord shoots a bolt.
The bolt hits you!
There is a gate leading back out of this place here.
The orc warlord shoots a bolt.
The bolt hits you!!!
Ouch! That really hurt!
You die...

#.....).##)......##
+.......))))......#
##.....o)).##.....##
#.....⌠..)..#######
#.........##
#.........#
#.......## #!....!.#
##??@.!## #######


You could see an orc warlord.

Vanquished Creatures
  Sigmund (D:5)
  2 wyverns
  A steam dragon (D:9)
  A water moccasin (D:5)
  3 orc warriors (Bailey)
  A sky beast (D:4)
  A phantom (D:4)
  A kobold brigand (D:8)
  A bullfrog (D:9)
  A necrophage (D:3)
  3 scorpions
  7 wights (D:6)
  3 killer bees (D:6)
  2 hounds (D:6)
  A jelly (D:5)
  3 orc priests
  4 iguanas
  An orc wizard (D:9)
  Robin (D:2)
  6 gnolls
  7 adders
  A white imp (D:6)
  2 ufetubi (D:4)
  2 worms
  6 dart slugs
  22 orcs
  9 ball pythons
  10 endoplasms
  2 giant cockroaches
  21 goblins
  21 hobgoblins
  5 jackals
  5 quokkas
  8 bats
  3 frilled lizards
  13 kobolds
  22 rats
203 creatures vanquished.

Notes
Turn   | Place    | Note
-------+----------+-------------------------------------------
     0 | D:1      | Essalna the Djinni Conjurer began the quest for the Orb.
     0 | D:1      | Reached XP level 1. HP: 15/15 MP: 0/0
   335 | D:1      | Reached XP level 2. HP: 17/21 MP: 0/0
   561 | D:1      | Found a faded altar of an unknown god.
   707 | D:1      | Found Fiokuots's General Store.
  1021 | D:1      | Found Vitel's Antique Weapon Shop.
  1196 | D:1      | Reached XP level 3. HP: 23/25 MP: 0/0
  1196 | D:1      | Learned a level 1 spell: Pain
  1495 | D:2      | Noticed Robin
  1502 | D:2      | Killed Robin
  1503 | D:2      | Reached skill level 4 in Spellcasting
  1553 | D:4      | Noticed a sky beast
  1558 | D:3      | Reached XP level 4. HP: 17/31 MP: 0/0
  2604 | D:2      | Reached XP level 5. HP: 32/35 MP: 0/0
  2604 | D:2      | Learned a level 2 spell: Static Discharge
  3263 | D:3      | Reached skill level 5 in Spellcasting
  3317 | D:3      | Found a hide-covered altar of Uskayaw.
  3499 | D:3      | Found a glowing golden altar of the Shining One.
  3507 | D:3      | Reached XP level 6. HP: 34/40 MP: 0/0
  4476 | D:4      | Killed a sky beast
  4477 | D:4      | Reached skill level 6 in Spellcasting
  4968 | D:4      | Reached XP level 7. HP: 43/45 MP: 0/0
  4968 | D:4      | Learned a level 3 spell: Mephitic Cloud
  5055 | D:4      | Reached skill level 1 in Fighting
  5227 | D:4      | Noticed a wyvern
  5234 | D:4      | Killed a wyvern
  5764 | D:4      | Reached XP level 8. HP: 49/56 MP: 0/0
  5805 | D:4      | Found a basalt altar of Yredelemnul.
  6243 | D:5      | Entered Level 5 of the Dungeon
  6325 | D:5      | Reached skill level 7 in Spellcasting
  6816 | D:5      | Noticed Sigmund
  6833 | D:5      | Killed Sigmund
  6834 | D:5      | Reached skill level 5 in Fighting
  7061 | D:6      | Reached XP level 9. HP: 36/65 MP: 0/0
  7061 | D:6      | Learned a level 3 spell: Summon Guardian Golem
  7245 | D:6      | Found an ornate altar of the Wu Jian Council.
  7568 | D:6      | Reached skill level 1 in Shields
  7725 | D:6      | You are sucked into a shaft and drop 3 floors!
  7740 | D:9      | Reached skill level 8 in Spellcasting
  7763 | D:9      | Noticed Gastronok
  7968 | D:9      | Found a stormy altar of Qazlal.
  8002 | D:8      | Found a flagged portal.
  8012 | Bailey   | Entered a bailey
  8666 | Bailey   | Noticed an orc warlord
  8678 | Bailey   | Shot with a bolt by an orc warlord

Illustrated notes

Levels and vault maps discovered:
D:1:      erik_arrival_blinker_ship, layout_basic, serial_shops, shop,
          nicolae_square_shop, shapermc_ecumenical_altar_venn
D:2:      layout_basic, mrwooster_statue_mirror, chequers_jeans,
          minmay_misc_feat_tiny, grunt_ministairs_11, uniq_robin
D:3:      minmay_recursive_quarters, layout_rooms,
          nicolae_overflow_crystal_walls, eat_drink_and_be_merry_uskayaw,
          serial_curves, eino_curves_02, eino_curves_03, eino_curves_01,
          kennysheep_generic_room_14
D:4:      cheibrodos_barr_body, layout_loops_corners,
          mainiacjoe_overflow_alcove_1, minmay_rat_hole
D:5:      layout_basic, uniq_sigmund
D:6:      layout_gridville, kennysheep_little_box, nicolae_wu_jian_wuxing_cycle,
          kennysheep_generic_room_3, uniq_duvessa
D:8:      layout_cave_pods, enter_bailey_2, minmay_shattered_shrine
D:9:      layout_basic, nicolae_qazlal_eye_of_the_storm,
          overflow_temple_1_default, erik_lair_island, erik_orc_1,
          chequers_serial_rivers_room_b, feat_on_display, uniq_gastronok
Bailey:   bailey_axe_minmay_hex_keep, bailey

Skill      XL: |  1  2  3  4  5  6  7  8  9 |
---------------+----------------------------+-----
Spellcasting   | 4 5 6 7 8 |  8.3
Fighting       | 3 5 7 |  7.2
Shields        | 3 |  3.4
Dodging        | |  2.1
Stealth        | |  1.5

Action                   |  1- 3 |  4- 6 |  7- 9 || total
-------------------------+-------+-------+-------++-------
 Cast: Magic Dart        |    56 |   157 |   112 ||   325
       Searing Ray       |       |     4 |    31 ||    35
       Iskenderun's Myst |       |       |    19 ||    19
       Summon Guardian G |       |       |     2 ||     2
Armor: Robe              |     5 |    18 |     5 ||    28
       Steam dragon scal |       |       |     3 ||     3
Dodge: Dodged            |     5 |    39 |    45 ||    89
Block: Buckler           |       |       |     5 ||     5

Table legend: (Time is in decaauts)
 A = Elapsed time spent in this place.
 B = Non-inter-level travel time spent in this place.
 C = Inter-level travel time spent in this place.
 D = Time resting spent in this place.
 E = Time spent auto-exploring this place.
 F = Levels seen in this place.
 G = Mean time per level.
                   A        B        C        D        E       F      G
               +--------+--------+--------+--------+--------+-----+--------+
         Total |   8682 |   8511 |    171 |    400 |   7131 |   9 |  964.7 |
       Dungeon |   8016 |   7845 |    171 |    400 |   6614 |   8 | 1002.0 |
        Bailey |    665 |    665 |      0 |      0 |    517 |   1 |  665.0 |
               +--------+--------+--------+--------+--------+-----+--------+

Top non-repeatable levels by time:
     D:4: 2058 daAuts
     D:3: 1471 daAuts
     D:1: 1367 daAuts
     D:2: 1349 daAuts
     D:5: 1205 daAuts
  Bailey: 665 daAuts
     D:6: 279 daAuts
     D:9: 276 daAuts
     D:8: 9 daAuts
